 Dungeon Crawl Stone Soup version 0.20.1-1-g8b1a95d (webtiles) character file.

292 NoNouf the Sneak (level 6, 0/48 HPs)
             Began as a Human Monk on Aug 13, 2017.
             Slain by an orc wizard
             ... wielding a +0 dagger
              (2 damage)
             ... on level 2 of the Dungeon.
             The game lasted 00:19:11 (3589 turns).

NoNouf the Sneak (Human Monk)                       Turns: 3589, Time: 00:19:12

Health: 0/48       AC:  2    Str: 13    XL:     6   Next: 59%
Magic:  6/6        EV: 14    Int: 11    God:
Gold:   229        SH:  0    Dex: 15    Spells: 5/5 levels left

rFire    . . .     SeeInvis .   a - +0 falchion
rCold    . . .     Gourm    .   (no shield)
rNeg     . . .     Faith    .   b - +0 robe
rPois    .         Spirit   .   (no helmet)
rElec    .         Reflect  .   (no cloak)
rCorr    .         Harm     .   (no gloves)
MR       .....                  (no boots)
Stlth    +++.......             (no amulet)
Regen    0.2/turn               (no ring)
MPRegen  0.1/turn               (no ring)

@: no status effects
A: no striking features
a: no special abilities


You were on level 2 of the Dungeon.
You were not hungry.

You visited 1 branch of the dungeon, and saw 3 of its levels.

You collected 229 gold pieces.

Inventory:

Hand Weapons
 a - a +0 falchion (weapon)
 k - a +0 dagger of draining
 o - a +2 mace of holy wrath
Missiles
 g - 121 stones
 j - 107 arrows
 t - 2 tomahawks (quivered)
Armour
 b - a +0 robe (worn)
 q - a +0 leather armour
 s - a +0 helmet
Scrolls
 e - a scroll of recharging
 f - 3 scrolls of teleportation {unknown}
 p - a scroll of magic mapping
Potions
 d - 2 potions of brilliance
 m - a potion of lignification {unknown}
Comestibles
 c - 4 bread rations
 h - 2 meat rations
 n - 2 chunks of flesh
 u - 2 fruits


   Skills:
 + Level 4.1 Fighting
 - Level 3.0 Long Blades
 + Level 4.4 Dodging
 - Level 5.1 Stealth


You had 5 spell levels left.
You didn't know any spells.

Dungeon Overview and Level Annotations

Branches:
Dungeon (3/15)

Altars:

Annotations:
D:3 Enish's ghost, amateur BaWr


Message History

* * * LOW HITPOINT WARNING * * *
You feel better.
You miss something. Something hits you.
* * * LOW HITPOINT WARNING * * *
You hear some strange, mumbled words.
A puff of flame appears from out of thin air!
The puff of flame misses you.
You hit something but do no damage. Something barely misses you.
You hit something. Something hits you.
* * * LOW HITPOINT WARNING * * *
Unknown command.
You closely miss something. Something hits you.
* * * LOW HITPOINT WARNING * * *
Unknown command.
You closely miss something. Something hits you.
* * * LOW HITPOINT WARNING * * *
Something hits you.
* * * LOW HITPOINT WARNING * * *
You closely miss something. Something hits you.
You die...

..#####.##.#########..######.####
#.# #.##.#......#..............
..# #.##.#.####.#....#####.####
### #.##.#.#.##.#......# #.# #
#.##.#.#.##.#....#.# #.# #
#.##.#.#.##.#....#.# #.# #
#.##.#....#.#....#.# #.# #
#.##.####{#.#....#.# #.# #
#.#.......@....#.#.# #.# #
#.#.....#.#.#......###.####
#######.#....##.#.#..............
..................>.............#
###.#####..#.............###.##.#
............<...(.......[.....#.#
.##.####################.###..#.#
.+..))...........................
.##.##########.....#####.########


There were no monsters in sight!

Vanquished Creatures
  Sigmund (D:3)
  An orc wizard (D:3)
  A gnoll (D:2)
  2 adders
  A worm (D:2)
  A dart slug (D:2)
  2 leopard geckos
  6 orcs
  4 giant cockroaches
  3 goblins
  6 hobgoblins
  4 jackals (D:1)
  11 kobolds
  3 quokkas (D:2)
  A ball python (D:1)
  8 bats
  2 frilled lizards (D:2)
  14 rats
71 creatures vanquished.

Notes
Turn   | Place    | Note
-------+----------+-------------------------------------------
     0 | D:1      | NoNouf the Human Monk began the quest for the Orb.
     0 | D:1      | Reached XP level 1. HP: 18/18 MP: 1/1
    71 | D:1      | Reached XP level 2. HP: 13/24 MP: 2/2
   299 | D:1      | Reached skill level 3 in Stealth
   481 | D:1      | Reached XP level 3. HP: 29/29 MP: 3/3
  1073 | D:2      | Reached skill level 4 in Stealth
  1614 | D:2      | Reached XP level 4. HP: 35/35 MP: 4/4
  2906 | D:3      | Noticed Enish's ghost (amateur BaWr)
  2975 | D:2      | Reached skill level 5 in Stealth
  2975 | D:2      | Reached XP level 5. HP: 19/41 MP: 5/5
  3412 | D:3      | Noticed Sigmund
  3443 | D:3      | Killed Sigmund
  3443 | D:3      | Reached XP level 6. HP: 35/48 MP: 6/6
  3588 | D:2      | HP: 2/48 [something (4)]
  3589 | D:2      | Slain by an orc wizard

Skill      XL: |  1  2  3  4  5 |
---------------+----------------+-----
Stealth        | 3 4 5 |  5.1
Fighting       | 4 |  4.1
Dodging        | 4 |  4.4
Long Blades    | |  3.0

Action                   |  1- 3 |  4- 6 || total
-------------------------+-------+-------++-------
Melee: Falchion          |   113 |   164 ||   277
Throw: Stone             |     3 |     2 ||     5
       Tomahawk          |       |     4 ||     4
  Use: Scroll            |     4 |       ||     4
       Potion            |     3 |     4 ||     7
 Stab: Sleeping          |     9 |     1 ||    10
  Eat: Chunk             |     2 |     7 ||     9
Armor: Robe              |    20 |    14 ||    34
Dodge: Dodged            |    89 |    97 ||   186
       Rpst.: Falchion   |    30 |    30 ||    60
